 Dungeon Crawl Stone Soup version 0.19.5 (webtiles) character file.

5548 greprep the Covert (level 10, -5/51 HPs)
             Began as a Spriggan Enchanter on May 9, 2017.
             Was a Believer of Ashenzari.
             Slain by a seven-headed hydra (11 damage)
             ... on level 9 of the Dungeon.
             The game lasted 00:27:22 (10308 turns).

greprep the Covert (Spriggan Enchanter)            Turns: 10308, Time: 00:27:22

Health: -5/51      AC:  7    Str:  4    XL:     10   Next: 44%
Magic:  39/39      EV: 22    Int: 17    God:    Ashenzari [**....]
Gold:   393        SH:  0    Dex: 20    Spells: 4 memorised, 14 levels left

rFire  . . .     SeeInvis +     I - +1 dagger (venom)
rCold  . . .     Gourm    .     y - +2 robe {Archmagi} (curse)
rNeg   . . .     Faith    .     (shield restricted)
rPois  .         Spirit   .     (helmet restricted)
rElec  .         Reflect  .     i - +2 cloak (curse)
rCorr  .         Harm     .     (gloves unavailable)
MR     +....                    (boots unavailable)
Stlth  ++++++....               (no amulet)
                                x - ring of magical power (curse)
                                k - ring of magical power (curse)

@: very quick
A: unfitting armour, see invisible, herbivore 3, speed 3, slow metabolism 2
a: Curse Item, Scrying, Renounce Religion


You were on level 9 of the Dungeon.
You worshipped Ashenzari.
Ashenzari was pleased with you.
You were not hungry.

You visited 2 branches of the dungeon, and saw 10 of its levels.

You collected 393 gold pieces.

Inventory:

Hand Weapons
 a - a +1 dagger
 I - a +1 dagger of venom (weapon)
Armour
 i - a cursed +2 cloak (worn)
 y - a cursed +2 robe of the Archmagi (worn)
Jewellery
 g - an uncursed ring of positive energy
 k - a cursed ring of magical power (left hand)
 o - the ring "Qilokaik" {rN+ Slay+4}
   (You found it on level 7 of the Dungeon)

   [ring of slaying]

   It affects your accuracy and damage with ranged weapons and melee attacks
   (+4).
   It protects you from negative energy.
 v - an uncursed ring of resist corrosion
 x - a cursed ring of magical power (right hand)
Wands
 w - a wand of polymorph (16/24)
 A - a wand of flame (41/48)
Scrolls
 l - a scroll of magic mapping
 n - a scroll of blinking
 p - 4 scrolls of teleportation
 q - 3 scrolls of amnesia
 u - a scroll of fog
 J - a scroll of identify
Potions
 d - 2 potions of agility
 e - a potion of cure mutation
 f - a potion of ambrosia {unknown}
 j - a potion of invisibility
 m - a potion of flight {unknown}
 r - a potion of brilliance {unknown}
 s - 2 potions of magic
 t - 3 potions of heal wounds
Books
 c - a book of Maledictions

   Spells                             Type                      Level
   a - Corona                         Hexes                        1
   b - Ensorcelled Hibernation        Hexes/Ice                    2
   c - Confuse                        Hexes                        3
   d - Tukima's Dance                 Hexes                        3
   e - Dazzling Spray                 Conjuration/Hexes            3
 B - a book of Minor Magic

   Spells                             Type                      Level
   a - Magic Dart                     Conjuration                  1
   b - Blink                          Translocation                2
   c - Call Imp                       Summoning                    2
   d - Repel Missiles                 Charms/Air                   2
   e - Slow                           Hexes                        2
   f - Conjure Flame                  Conjuration/Fire             3
   g - Mephitic Cloud                 Conjuration/Poison/Air       3
 F - a book of Cantrips

   Spells                             Type                      Level
   a - Confusing Touch                Hexes                        1
   b - Animate Skeleton               Necromancy                   1
   c - Summon Small Mammal            Summoning                    1
   d - Apportation                    Translocation                1
Comestibles
 h - a bread ration


   Skills:
 * Level 4.6 Fighting
 * Level 5.9 Short Blades
 * Level 3.7 Armour
 + Level 4.6(6.0) Dodging
 * Level 13.8(15.0) Stealth
 + Level 7.1 Spellcasting
 + Level 7.0(8.5) Hexes
 + Level 3.0(4.3) Ice Magic


You had 14 spell levels left.
You knew the following spells:

 Your Spells              Type           Power        Failure   Level  Hunger
a - Corona                Hex            ######.      1%          1    None
b - Ensorcelled Hibernat  Hex/Ice        #####.       1%          2    None
c - Confuse               Hex            ######..     1%          3    ##.....
d - Mephitic Cloud        Conj/Pois/Air  #.......     38%         3    ##.....


Dungeon Overview and Level Annotations

Branches:
Dungeon (9/15)             Temple (1/1) D:4            Lair (0/6) D:8
    Orc: D:9-12

Altars:
Ashenzari
Cheibriados
Dithmenos
Elyvilon
Fedhas
Gozag
Hepliaklqana
Kikubaaqudgha
Makhleb
Nemelex Xobeh
Okawaru
Qazlal
Ru
Sif Muna
Trog
Uskayaw
Vehumet
Xom
Yredelemnul
Zin
The Shining One


Innate Abilities, Weirdness & Mutations

You are very small and have problems with some larger weapons.
You are too small for most types of armour.
You have supernaturally acute eyesight. (SInv)
You are a herbivore.
You cover ground extremely quickly.
You need consume almost no food.


Message History

The seven-headed hydra misses you. x2
The seven-headed hydra bites you but does no damage. x2
The centaur warrior shoots an arrow.
The arrow misses you.
The cyclops throws a large rock.
The large rock hits you!!
You see here a large rock.
An ogre comes into view. It is wielding a giant club.
A hill giant comes into view. It is wielding a giant club.
You hit the seven-headed hydra.
The seven-headed hydra is lightly wounded.
The ogre shouts!
The seven-headed hydra completely misses you. x2
The seven-headed hydra misses you.
The seven-headed hydra closely misses you.
The seven-headed hydra misses you.
The seven-headed hydra closely misses you. x2
The centaur warrior unwields an uncursed shortbow.
The centaur warrior barely misses you. The seven-headed hydra bites you!
* * * LOW HITPOINT WARNING * * *
The seven-headed hydra bites you!
You die...

, ,
#..####.####,,
#..#.......# ,
, *
#..#.......# *
#..#..$$?..#
#..#..$[$..#
#..#..)$$..#
#..#.....c.#
#D.#..(....#,
#@c####.####..
#.....(C...C..#
#<........J...#
###############


You could see a seven-headed hydra, a centaur warrior and a cyclops.

Vanquished Creatures
  Erica (D:8)
  The ghost of Zebulonius the Cleaver, a novice MiBe of Trog (D:8)
  Pikel (D:4)
  Psyche (D:8)
  The ghost of greprep the Sneak, a novice SpEn (D:5)
  Grinder (D:6)
  A hippogriff (D:8)
  A steam dragon (D:7)
  Menkaure (D:5)
  Edmund (D:4)
  A sky beast (D:8)
  A water moccasin (D:7)
  An orc warrior (D:6)
  2 phantoms
  A slave (D:4)
  2 ogres
  A centaur (D:6)
  A big kobold (D:7)
  4 bullfrogs
  4 scorpions
  4 killer bees (D:8)
  3 wights (D:7)
  3 howler monkeys (D:7)
  2 hounds
  A quasit (D:7)
  A bullfrog skeleton (D:5)
  A gnoll shaman (D:5)
  2 orc priests (D:8)
  A centaur skeleton (D:5)
  3 orc wizards
  An iguana (D:7)
  6 worker ants
  2 hound zombies (D:7)
  16 gnolls
  13 adders
  4 shadow imps
  2 oozes
  2 adder zombies
  An adder skeleton (D:5)
  5 worms
  A dart slug (D:1)
  6 leopard geckos
  34 orcs
  A ball python (D:2)
  3 giant cockroaches
  9 goblins
  4 hobgoblins
  22 jackals
  9 kobolds
  6 quokkas
  7 bats
  5 frilled lizards
  A giant cockroach zombie (D:2)
  8 rats
  A fungus (D:8)
218 creatures vanquished.

Vanquished Creatures (others)
  2 slaves (D:4)
  A scorpion (D:4)
  A worker ant (D:4)
  3 fungi (D:8)
7 creatures vanquished.

Grand Total: 225 creatures vanquished

Notes
Turn   | Place    | Note
-------+----------+-------------------------------------------
     0 | D:1      | greprep the Spriggan Enchanter began the quest for the Orb.
     0 | D:1      | Reached XP level 1. HP: 9/9 MP: 5/5
   388 | D:1      | Reached XP level 2. HP: 13/13 MP: 6/6
   392 | D:1      | Learned a level 2 spell: Ensorcelled Hibernation
  1465 | D:2      | Reached XP level 3. HP: 16/16 MP: 5/8
  1676 | D:1      | Reached skill level 5 in Stealth
  2278 | D:2      | Reached XP level 4. HP: 21/21 MP: 10/10
  2572 | D:2      | Learned a level 3 spell: Confuse
  2611 | D:2      | Found a sparkling altar of Nemelex Xobeh.
  2882 | D:3      | Found a faded altar of an unknown god.
  2996 | D:3      | Reached XP level 5. HP: 12/25 MP: 8/11
  3540 | D:3      | Reached skill level 6 in Stealth
  4386 | D:4      | Found a glowing silver altar of Zin.
  4387 | D:4      | Found an opulent altar of Gozag.
  4390 | D:4      | Reached skill level 1 in Fighting
  4651 | D:4      | Noticed Edmund
  4674 | D:4      | Killed Edmund
  4674 | D:4      | Reached skill level 1 in Ice Magic
  4674 | D:4      | Reached XP level 6. HP: 22/30 MP: 13/13
  4926 | D:4      | Reached skill level 7 in Stealth
  5042 | D:4      | Found a sparkling altar of Nemelex Xobeh.
  5058 | D:4      | Noticed Pikel
  5058 | D:4      | Noticed a slave
  5058 | D:4      | Noticed a slave
  5058 | D:4      | Noticed a slave
  5059 | D:4      | Noticed a slave
  5306 | D:4      | Reached skill level 5 in Hexes
  5421 | D:4      | Killed a slave
  5519 | D:4      | Killed Pikel
  5519 | D:4      | Reached skill level 1 in Armour
  5519 | D:4      | Reached skill level 5 in Spellcasting
  5519 | D:4      | Reached XP level 7. HP: 32/35 MP: 15/15
  5605 | D:4      | Found a staircase to the Ecumenical Temple.
  5684 | Temple   | Entered the Ecumenical Temple
  5702 | Temple   | Became a worshipper of Ashenzari the Shackled
  5825 | D:4      | Reached skill level 8 in Stealth
  5982 | D:5      | Entered Level 5 of the Dungeon
  5984 | D:5      | Reached XP level 8. HP: 39/39 MP: 16/16
  6535 | D:5      | Noticed greprep's ghost (novice SpEn)
  6551 | D:5      | Killed greprep's ghost
  6551 | D:5      | Reached skill level 9 in Stealth
  6770 | D:5      | Noticed Menkaure
  6781 | D:5      | Killed Menkaure
  7077 | D:6      | Reached skill level 10 in Stealth
  7112 | D:6      | Reached * piety under Ashenzari
  7186 | D:6      | Reached XP level 9. HP: 19/44 MP: 19/19
  7607 | D:6      | Noticed Grinder
  7611 | D:6      | Paralysed by Grinder for 6 turns
  7626 | D:6      | Killed Grinder
  7720 | D:6      | Learned a level 3 spell: Mephitic Cloud
  7946 | D:6      | Reached skill level 11 in Stealth
  8106 | D:7      | Reached skill level 5 in Short Blades
  8602 | D:7      | Reached ** piety under Ashenzari
  8666 | D:7      | Identified the ring "Qilokaik" {rN+ Slay+4}
  8715 | D:7      | Reached skill level 12 in Stealth
  9259 | D:8      | Found a shadowy altar of Dithmenos.
  9271 | D:8      | Noticed Zebulonius's ghost (novice MiBe)
  9284 | D:8      | Killed Zebulonius's ghost
  9284 | D:8      | Reached XP level 10. HP: 49/49 MP: 21/21
  9355 | D:8      | Reached skill level 13 in Stealth
  9545 | D:8      | Noticed Psyche
  9548 | D:8      | Killed Psyche
 10112 | D:8      | Noticed Erica
 10117 | D:8      | Killed Erica
 10250 | D:8      | Found a staircase to the Lair.
 10285 | D:9      | Noticed a seven-headed hydra
 10290 | D:9      | Noticed a cyclops
 10291 | D:9      | Noticed a centaur warrior
 10302 | D:9      | Noticed a hill giant
 10308 | D:9      | Slain by a seven-headed hydra

Skill      XL: |  1  2  3  4  5  6  7  8  9 10 |
---------------+-------------------------------+-----
Spellcasting   | 3 4 5 6 7 |  7.1
Stealth        | 5 6 7 8 10 12 13 | 13.8
Hexes          | 4 5 6 7 |  7.0
Short Blades   | 2 3 4 5 |  5.9
Fighting       | 1 2 3 4 |  4.6
Ice Magic      | 1 2 3 |  3.0
Armour         | 1 2 3 |  3.7
Dodging        | 4 |  4.6

Action                   |  1- 3 |  4- 6 |  7- 9 | 10-12 || total
-------------------------+-------+-------+-------+-------++-------
Melee: Dagger            |   105 |   157 |   185 |    89 ||   536
 Cast: Corona            |     2 |       |       |       ||     2
       Ensorcelled Hiber |    31 |    95 |    76 |    23 ||   225
       Confuse           |       |     5 |    18 |       ||    23
Invok: Curse Item        |       |       |     4 |       ||     4
  Use: Scroll            |       |     5 |    14 |       ||    19
       Potion            |       |       |     3 |       ||     3
 Stab: Sleeping          |    29 |    51 |    76 |    14 ||   170
       Confused          |       |     3 |    16 |       ||    19
       Held in net/web   |       |       |       |     1 ||     1
  Eat: Bread ration      |       |     2 |       |       ||     2
       Pizza             |       |       |     1 |       ||     1
       Royal jelly       |       |       |       |     1 ||     1
Armor: Robe              |    15 |    23 |    16 |    14 ||    68
Dodge: Dodged            |    90 |   131 |    98 |    81 ||   400
